Description

Krystianer 3 Gate Blink

Do watch the Krystianer Master Class on how to execute the build! (Game 1) And if you have any questions for Krystianer, do join Ladder Legends! https://discord.gg/hHueW2r8hA

VOD

https://www.youtube.com/watch?v=UFcKAiUhpU0

Replay - Map 1

Build Order

Get SALT Encoding   

  12  0:00  Probe  
  13  0:12  Probe  
  14  0:17  Pylon  
  14  0:22  Probe  
  15  0:31  Probe  
  16  0:38  Gateway  
  16  0:39  Probe  
  16  0:45  Assimilator  
  17  0:51  Probe  
  18  1:03  Probe  
  19  1:15  Probe  
  20  1:25  Cybernetics Core  
  20  1:33  Nexus  
  20  1:34  Probe  
  21  1:41  Pylon  
  21  1:46  Probe  
  22  1:48  Assimilator  
  22  1:51  Adept  
  25  2:01  Warp Gate  
  25  2:11  Adept  
  29  2:29  Blink  
  29  2:31  Twilight Council  
  30  2:42  Stalker  
  36  3:12  Gateway  
  36  3:23  Gateway  
  38  3:32  Robotics Facility  
  38  3:46  Pylon  
  40  3:49  Stalker  
  44  4:03  Nexus  
  45  4:10  Gateway  
  45  4:13  Stalker  
  48  4:20  Assimilator  
  48  4:22  Stalker x2  
  54  4:31  Pylon  
  54  4:42  Pylon  
  54  4:49  Observer  
  54  4:52  Stalker x2  
  61  5:00  Charge  
  61  5:05  Gateway  
  61  5:06  Stalker  
  65  5:07  Observer  
  68  5:15  Stalker  
  71  5:24  Gateway x2  
  73  5:31  Observer  
  75  5:38  Stalker  
  82  5:43  Observer  
  82  5:49  Gateway  
  82  5:57  Forge  
  82  5:59  Immortal  
  89  6:22  Zealot x2  
  101  6:36  Immortal  
  105  6:44  Zealot x4  
  107  6:55  Zealot x2  
  110  7:06  Zealot x2  
  107  7:09  Observer  
  107  7:10  Protoss Ground Weapons Level 1  
  96  7:32  Nexus  
  93  7:44  Observer x2  
  98  7:56  Warp Prism  
  98  7:57  Photon Cannon  
  98  8:09  Observer  
  105  8:18  Assimilator  
  106  8:21  Templar Archives  
  107  8:31  Psionic Storm  
  107  8:32  Assimilator  
  119  8:45  Gateway x2  
  119  8:47  Photon Cannon  
  126  9:04  High Templar  
  132  9:24  Shield Battery  
Spawning Tool Build Advisor. Get it on Overwolf

Go to:

Details

  • Created by: Kenosua
  • Published on: Sep 01, 2025
  • Modified on: Sep 01, 2025
  • Patch: 5.0.11
  • Difficulty: Medium
Show
View Real Time Build Order
Export as new Build Order

Comments (2)

On Sept. 18, 2025, 3:30 a.m., Kenosua  said:

Hi sc2ool

Sorry for the inconvenience caused, I had make a mistake and will update it, thanks for notifying me!

Best regards
Kenosua

On Sept. 16, 2025, 3:12 p.m., sc2ool  said:

Cool build! I didn't know you could start blink 2 seconds before building a twilight council

Create an account to comment!